 Dungeon Crawl Stone Soup version 0.14-a0-586-g2535b90 (webtiles) character file.

11878 PolkaDot the Bewitcher (level 11, -5/68 HPs)
             Began as a Vampire Enchanter on Nov 3, 2013.
             Was an Elder of Kikubaaqudgha.
             Slain by a wolf (11 damage)
             ... led by Grum
             ... on Level 12 of the Dungeon.
             The game lasted 01:13:54 (11273 turns).

PolkaDot the Bewitcher (Vampire Enchanter)         Turns: 11273, Time: 01:13:55

HP  -5/68        AC  6     Str  8      XL: 11   Next: 47%
MP  17/32        EV 12     Int 18      God: Kikubaaqudgha [****..]
Gold 545         SH  0     Dex 14 (15) Spells:  6 memorised,  2 levels left

Res.Fire  : . . .   See Invis. : +   G - +0,+3 sabre "Rukaj" {freeze, +Rage +Inv}
Res.Cold  : . . .   Warding    : .   f - +1 orc robe {MR+}
Life Prot.: + . .   Conserve   : .   (no shield)
Res.Poison: .       Res.Corr.  : .   g - +1 wizard hat
Res.Elec. : .       Clarity    : .   H - +0 cloak
Sust.Abil.: . .     Spirit.Shd : .   O - +0 pair of gauntlets
Res.Mut.  : .       Stasis     : .   (no boots)
Res.Rott. : .       Flight     : .   (no amulet)
Saprovore : . . .                    h - ring of magical power
                                     k - ring of protection from magic

@: very slightly contaminated, hasted, very quick, very resistant to hostile
enchantments, extremely stealthy
A: bottle blood, fangs 3, see invisible, unbreathing
a: Bat Form, Bottle Blood, Receive Corpses, Renounce Religion, Evoke Berserk
Rage, Evoke Invisibility


You were on level 12 of the Dungeon.
You worshipped Kikubaaqudgha.
Kikubaaqudgha was greatly pleased with you.
You were not thirsty.

You visited 2 branches of the dungeon, and saw 13 of its levels.
You also visited: Sewer.

You collected 545 gold pieces.

Inventory:

Hand weapons
 G - the +0,+3 sabre "Rukaj" (weapon) {freeze, +Rage +Inv}
   (You found it on level 5 of the Dungeon)

   It has been specially enchanted to freeze those struck by it, causing extra
   injury to most foes and up to double damage against particularly susceptible
   opponents.
   It can also slow down cold-blooded creatures.
   It lets you turn invisible.
   It lets you go berserk.
Missiles
 d - 12 darts (quivered)
Armour
 f - a +1 orcish robe of magic resistance (worn)
 g - a +1 wizard hat (worn)
 H - a +0 cloak (worn)
 O - a +0 pair of gauntlets (worn)
Magical devices
 e - a wand of frost (0)
 j - a wand of heal wounds (4)
 o - a wand of cold (6)
 F - a wand of flame (9)
 I - a wand of magic darts (15)
 N - a wand of teleportation (6)
Scrolls
 b - a scroll of noise {unknown}
 i - 2 scrolls of curse armour {unknown}
 l - a scroll of immolation {unknown}
 m - 2 scrolls of recharging
 q - 3 scrolls of fear {unknown}
 r - 3 scrolls of magic mapping
 s - 3 scrolls of fog {unknown}
 t - 2 scrolls of blinking {unknown}
 w - a scroll of enchant weapon I {unknown}
 y - 2 scrolls of enchant armour
 D - 10 scrolls of remove curse
 K - 3 scrolls of enchant weapon II {unknown}
 M - 4 scrolls of curse jewellery {unknown}
 P - 4 scrolls of identify
Jewellery
 h - a ring of magical power (right hand)
 k - a ring of protection from magic (left hand)
Potions
 n - a potion of heal wounds
 z - 2 potions of berserk rage
 A - a potion of agility
 B - a potion of invisibility {unknown}
 C - 3 potions of flight
 E - 6 potions of curing
 L - a potion of paralysis {unknown}
 R - 2 potions of degeneration {unknown}
 S - a potion of might
 T - a potion of restore abilities {unknown}
 U - a potion of brilliance
 V - a potion of resistance
Books
 a - a book of Ice

   Spells                             Type                      Level
   Freezing Aura                      Charms/Ice                   2
   *Ensorcelled Hibernation           Hexes/Ice                    2
   Ozocubu's Refrigeration            Ice                          6
   Bolt of Cold                       Conjuration/Ice              6
   Freezing Cloud                     Conjuration/Ice/Air          6
   Metabolic Englaciation             Hexes/Ice                    6
   Simulacrum                         Ice/Necromancy               6
 c - a book of Maledictions

   Spells                             Type                      Level
   *Corona                            Hexes                        1
   *Sure Blade                        Hexes/Charms                 2
   *Ensorcelled Hibernation           Hexes/Ice                    2
   *Confuse                           Hexes                        3
   *Enslavement                       Hexes                        4
   *Invisibility                      Hexes                        6
 p - a book of Summonings

   Spells                             Type                      Level
   Abjuration                         Summoning                    3
   Recall                             Summoning/Translocation      3
   Summon Elemental                   Summoning                    4
   Shadow Creatures                   Summoning                    5
   Summon Demon                       Summoning                    5
   Summon Ugly Thing                  Summoning                    6
 x - a book of Unlife

   Spells                             Type                      Level
   Recall                             Summoning/Translocation      3
   Animate Dead                       Necromancy                   4
   Control Undead                     Necromancy                   4
   Twisted Resurrection               Necromancy                   5
   Death Channel                      Necromancy                   6
   Simulacrum                         Ice/Necromancy               6
 J - Kikubaaqudgha's Handbook of Necromancy
   (Kikubaaqudgha gifted it to you on level 7 of the Dungeon)

   Spells                             Type                      Level
   Animate Skeleton                   Necromancy                   1
   Lethal Infusion                    Charms/Necromancy            2
   Corpse Rot                         Necromancy                   2
   Regeneration                       Charms/Necromancy            3
   Control Undead                     Necromancy                   4
 Q - Kikubaaqudgha's Guide on Sinister Secrets
   (Kikubaaqudgha gifted it to you on level 10 of the Dungeon)

   Spells                             Type                      Level
   Agony                              Necromancy                   5
   Dispel Undead                      Necromancy                   5
   Twisted Resurrection               Necromancy                   5
   Bolt of Draining                   Conjuration/Necromancy       6
   Simulacrum                         Ice/Necromancy               6


   Skills:
 - Level 3.0 Short Blades
 - Level 0.7 Throwing
 - Level 2.1 Dodging
 - Level 12.8 Stealth
 + Level 5.2 Spellcasting
 * Level 17.7 Hexes
 * Level 7.9 Necromancy


You had 2 spell levels left.
You knew the following spells:

 Your Spells              Type           Power        Failure   Level  Hunger
A - Corona                Hex            ######.      0%          1    None
B - Sure Blade            Hex/Chrm       #####.....   1%          2    #......
C - Confuse               Hex            ######..     1%          3    ###....
D - Ensorcelled Hibernat  Hex/Ice        #####.       1%          2    #......
E - Enslavement           Hex            ######..     1%          4    ####...
I - Invisibility          Hex            ######..     1%          6    #######


Dungeon Overview and Level Annotations

Branches:
Dungeon (12/27)            Temple (1/1) D:6             Orc (0/4) D:6
   Lair: D:8-13

Altars:
Ashenzari
Cheibriados
Elyvilon
Fedhas
Kikubaaqudgha
Makhleb
Nemelex Xobeh
Okawaru
Sif Muna
Trog
Vehumet
Xom
Yredelemnul
Zin
the Shining One

Shops:
D:9 =   D:11 %(

Annotations:
D:12 Grum


Innate Abilities, Weirdness & Mutations

You can bottle blood from corpses.
You have razor-sharp teeth.*
You have supernaturally acute eyesight.
You can survive without breathing.*


Message History

Press: ? - help, Shift-Dir - straight line, f - Grum
Aim: Grum, wielding a spear and wearing a dwarven scale mail Grum appears confused.
Grum looks very confused.
The wolf bites you!
* * * LOW HITPOINT WARNING * * *
Casting: Confuse
Confirm with . or Enter, or press ? or * to list all spells.
Aiming: Ensorcelled Hibernation
Press: ? - help, Shift-Dir - straight line, f - wolf, p - Grum
Aim: a wolf The wolf looks drowsy...
Grum hits the wolf but does no damage.
Casting: Ensorcelled Hibernation
Confirm with . or Enter, or press ? or * to list all spells.
Aiming: Ensorcelled Hibernation
Press: ? - help, Shift-Dir - straight line, f - wolf, p - wolf
Aim: a wolf The wolf easily resists.
The wolf bites you!
You die...
Kikubaaqudgha rasps: "You have failed me!
Welcome... oblivion!"

.... #.#.....##.# .....
#.#..?...... ......
#.#.........
......###.#..>......
..................... ...
.......Z............ ...
.##.###.........$... #.#
#...hhg######. #.#
####@#h# #.# ### #.#V#
#.# # ......#Z#.###
#.####.##.......VY...#
o..............YZY.Y.#
.o...........Z..Y........
#o####.##...............#
#o####.# ............$.#
#........ .............


You could see Grum (confused), 4 yaks, a vampire (invisible), 2 wolves, an
eight-headed hydra zombie, a hill giant zombie and an eight-headed hydra
skeleton.

Vanquished Creatures
  Erica (D:11)
  2 unseen horrors
  2 hill giants
  Joseph (D:11)
  The ghost of patman the Chopper, an experienced DsBe of Trog (D:8)
  Psyche (D:12)
  A two-headed ogre (D:10)
  A troll (D:10)
  2 wyverns
  Eustachio (D:5)
  2 hungry ghosts
  A deep elf fighter (D:12)
  A manticore (D:9)
  4 necrophages
  Menkaure (D:4)
  A sky beast (D:9)
  2 ice beasts
  3 ogres
  3 phantoms
  2 giant goldfish (D:7)
  2 yellow wasps
  5 orc warriors
  7 centaurs
  Sigmund (D:3)
  Blork the orc (D:3)
  A crocodile (D:9)
  4 giant frogs
  A hippogriff zombie (D:8)
  A human (D:12)
  3 jellyfish (D:7)
  7 wights
  12 killer bees
  An electric eel (D:7)
  2 goliath beetles
  8 crimson imps
  A giant frog zombie (D:7)
  5 hounds
  6 orc priests
  4 jellies
  A centaur skeleton (D:4)
  2 quasits
  2 giant frog skeletons
  3 iguanas
  15 orc wizards
  2 scorpions
  5 worker ants
  A killer bee zombie (D:7)
  Ijyb (D:5)
  Terence (D:3)
  A worker ant zombie (D:10)
  3 gnolls (D:5)
  2 giant centipedes
  A worm zombie (D:7)
  18 adders
  4 worms
  2 adder zombies (D:7)
  An adder skeleton (D:4)
  22 grey rats
  An iguana skeleton (D:4)
  2 giant eyeballs
  4 giant geckos
  2 oozes
  53 orcs
  11 ball pythons
  4 giant cockroaches
  A giant mite zombie (D:7)
  9 goblins
  10 hobgoblins
  10 kobolds
  3 quokkas
  12 bats
  2 giant gecko zombies
  11 giant newts
  A hobgoblin zombie (D:7)
  A kobold zombie (D:7)
  An orc zombie (D:7)
  A quokka skeleton (D:4)
  24 rats
355 creatures vanquished.

Vanquished Creatures (collateral kills)
  An orc (D:11)
1 creature vanquished.

Vanquished Creatures (others)
  An orc wizard (D:6)
  A bat (D:4)
2 creatures vanquished.

Grand Total: 358 creatures vanquished

Notes
Turn   | Place    | Note
--------------------------------------------------------------
     0 | D:1      | PolkaDot, the Vampire Enchanter, began the quest for the Orb.
     0 | D:1      | Reached XP level 1. HP: 13/13 MP: 4/4
   273 | D:1      | Reached XP level 2. HP: 19/19 MP: 5/5
   843 | D:2      | Found a glowing silver altar of Zin.
  1020 | D:2      | Reached skill level 5 in Hexes
  1020 | D:2      | Reached XP level 3. HP: 24/24 MP: 6/6
  1212 | D:2      | HP: 1/24 [adder (3)]
  1460 | D:3      | Noticed Terence
  1508 | D:3      | HP: 1/24 [Terence/wand of frost (4)]
  1589 | D:2      | Learned a level 3 spell: Confuse
  1652 | D:3      | Killed Terence
  1652 | D:3      | Reached XP level 4. HP: 30/30 MP: 4/8
  1746 | D:3      | Noticed Sigmund
  1761 | D:3      | Killed Sigmund
  1761 | D:3      | Reached skill level 6 in Hexes
  1761 | D:3      | Reached XP level 5. HP: 29/35 MP: 6/9
  2011 | D:3      | Noticed a giant frog
  2032 | D:3      | Learned a level 2 spell: Ensorcelled Hibernation
  2140 | D:3      | Killed a giant frog
  2140 | D:3      | Reached skill level 5 in Stealth
  2140 | D:3      | Reached skill level 7 in Hexes
  2171 | D:3      | HP: 1/35 [orc wizard/magic dart (7)]
  2297 | D:3      | Reached XP level 6. HP: 41/41 MP: 10/10
  2414 | D:4      | Noticed Blork the orc
  2424 | D:3      | Killed Blork the orc
  2424 | D:3      | Reached skill level 8 in Hexes
  2897 | D:4      | Noticed Menkaure
  2898 | D:4      | Found a glowing drain.
  2904 | D:4      | Killed Menkaure
  2904 | D:4      | Reached skill level 9 in Hexes
  3000 | Sewer    | Entered a sewer
  3062 | Sewer    | Reached XP level 7. HP: 22/46 MP: 11/11
  3900 | Sewer    | Reached skill level 10 in Hexes
  4356 | D:4      | Paralysed by a giant eyeball for 2 turns
  4740 | D:5      | Entered Level 5 of the Dungeon
  4740 | D:5      | Noticed Eustachio
  4742 | D:5      | Killed Eustachio
  4742 | D:5      | Reached XP level 8. HP: 52/52 MP: 12/15
  4763 | D:5      | Noticed Ijyb
  4767 | D:5      | Killed Ijyb
  5430 | D:5      | Learned a level 6 spell: Invisibility
  5496 | D:5      | Noticed a moth of wrath
  5498 | D:5      | Found a bloodstained altar of Trog.
  5543 | D:5      | Got a steaming sabre
  5544 | D:5      | Identified the +0,+3 sabre "Rukaj" {freeze, +Rage +Inv} (You found it on level 5 of the Dungeon)
  5753 | D:5      | Reached skill level 11 in Hexes
  5758 | D:6      | Found a staircase to the Orcish Mines.
  5767 | D:6      | Found a staircase to the Ecumenical Temple.
  5778 | Temple   | Entered the Ecumenical Temple
  5889 | Temple   | Became a worshipper of Kikubaaqudgha
  6303 | D:6      | Reached skill level 12 in Hexes
  6357 | D:6      | Reached skill level 10 in Stealth
  6549 | D:6      | Reached XP level 9. HP: 57/57 MP: 18/18
  6705 | D:7      | Acquired Kikubaaqudgha's first power
  6705 | D:7      | Received a gift from Kikubaaqudgha
  6706 | D:7      | Identified Kikubaaqudgha's Handbook of Necromancy (Kikubaaqudgha gifted it to you on level 7 of the Dungeon)
  6788 | D:7      | Reached skill level 13 in Hexes
  7011 | D:7      | Reached skill level 14 in Hexes
  7676 | D:8      | Acquired Kikubaaqudgha's second power
  7713 | D:8      | Reached skill level 15 in Hexes
  7797 | D:8      | Reached skill level 1 in Necromancy
  7943 | D:8      | Noticed patman's ghost (experienced DsBe)
  8018 | D:8      | Killed patman's ghost
  8018 | D:8      | Reached XP level 10. HP: 18/63 MP: 9/19
  8734 | D:9      | Found Shriaze's Jewellery Boutique.
  9066 | D:9      | Found a deep blue altar of Sif Muna.
  9067 | D:9      | Found a burning altar of Makhleb.
  9340 | D:10     | Entered Level 10 of the Dungeon
  9357 | D:10     | Noticed a hill giant
  9374 | D:10     | Killed a hill giant
  9374 | D:10     | Reached skill level 16 in Hexes
  9374 | D:10     | Reached skill level 5 in Necromancy
  9520 | D:10     | Received a gift from Kikubaaqudgha
  9539 | D:10     | Identified Kikubaaqudgha's Guide on Sinister Secrets (Kikubaaqudgha gifted it to you on level 10 of the Dungeon)
  9545 | D:10     | Learned a level 4 spell: Enslavement
  9690 | D:10     | Noticed an unseen horror
  9699 | D:10     | Killed an unseen horror
 10168 | D:11     | Noticed Joseph
 10185 | D:11     | Killed Joseph
 10185 | D:11     | Reached XP level 11. HP: 38/68 MP: 10/22
 10214 | D:11     | Noticed Erica
 10224 | D:11     | Killed Erica
 10244 | D:11     | Noticed an unseen horror
 10249 | D:11     | Killed an unseen horror
 10249 | D:11     | Reached skill level 17 in Hexes
 10253 | D:11     | Found Pnuckaott's Weapon Shop.
 10589 | D:11     | Found Lylics' Food Boutique.
 10986 | D:12     | Noticed a hill giant
 10988 | D:12     | Killed a hill giant
 10988 | D:12     | Reached skill level 5 in Spellcasting
 10992 | D:12     | Learned a level 2 spell: Sure Blade
 11207 | D:12     | Noticed Psyche
 11229 | D:12     | Acquired Kikubaaqudgha's third power
 11247 | D:12     | Killed Psyche
 11262 | D:12     | Noticed Grum
 11273 | D:12     | Slain by a wolf

Action                   |  1- 3 |  4- 6 |  7- 9 | 10-12 || total
-------------------------+-------+-------+-------+-------++-------
Melee: Dagger            |   144 |   111 |   271 |       ||   526
       Sabre             |       |       |   274 |   170 ||   444
 Cast: Corona            |     4 |       |       |       ||     4
       Confuse           |     1 |    10 |    55 |    23 ||    89
       Ensorcelled Hiber |       |    21 |    75 |    47 ||   143
       Invisibility      |       |       |     6 |    10 ||    16
Evoke: Wand              |       |     1 |     3 |     3 ||     7
  Use: Scroll            |     4 |       |     5 |     9 ||    18
       Potion            |    10 |     2 |    10 |     5 ||    27
 Stab: Sleeping          |     8 |    17 |    98 |    75 ||   198
       Distracted        |     1 |     1 |     1 |       ||     3
       Confused          |     2 |     6 |    12 |     8 ||    28
       Invisible         |       |       |     7 |     7 ||    14
